Map: 카이로스 정션 - 래더

Players

Dear - Winner!

  • Race: Protoss Protoss
  • Spawn Location: 5:00

lllllllllll (sOs)

  • Race: Protoss Protoss
  • League: Master
  • Spawn Location: 11:00

Event: IEM Season 13 - Katowice Server Qualifiers Asia 2

VOD

Have the link to the VOD?

Description

Time

  • Played on: Jan. 22, 2019, 4:54 a.m.
  • Length: 5:36

All games in this series

Show
View Real Time Build Order
Export as new Build Order

Dear Protoss - Winner!

Build Orders:  

Get SALT Encoding   

  12  0:00  Probe  
  13  0:12  Probe  
  14  0:17  Pylon  
  14  0:24  Probe  
  15  0:32  Probe  
  15  0:39  Gateway  
  15  0:40  Probe  
  16  0:46  Assimilator  
  17  0:51  Probe  
  17  0:55  Assimilator  
  18  1:00  Probe  
  19  1:07  Gateway  
  19  1:08  Probe  
  19  1:17  Probe  
  21  1:25  Cybernetics Core  
  21  1:30  Probe  
  22  1:33  Pylon  
  22  1:42  Probe  
  22  1:43  Warp Gate  
  23  1:54  Probe  
  24  2:02  Sentry, Stalker  
  28  2:09  Pylon  
  28  2:28  Stalker  
  30  2:31  Stalker  
  30  2:32  Gateway  
  32  2:58  Stalker  
  34  3:01  Stalker  
  34  3:03  Pylon  
  36  3:16  Nexus  
  36  3:23  Pylon  
  35  3:45  Stalker  
  35  3:46  Stalker x2  
  41  3:48  Probe  
  41  3:54  Pylon  
  42  4:15  Stalker x2  
  42  4:16  Stalker  
  46  4:21  Probe  
  47  4:29  Probe  
  49  4:39  Stalker  
  49  4:40  Stalker  
  49  4:49  Stalker  
  49  4:51  Probe x2  
  47  4:59  Probe x2  
  49  5:07  Sentry  
  49  5:08  Probe  
  49  5:09  Probe  
  53  5:20  Stargate  
Show
View Real Time Build Order
Export as new Build Order

lllllllllll Protoss 

Build Orders: Oracle Opening, Phoenix Opening 

Get SALT Encoding   

  12  0:01  Probe  
  13  0:14  Probe  
  14  0:17  Pylon  
  14  0:24  Probe  
  15  0:33  Probe  
  15  0:38  Gateway  
  15  0:41  Probe  
  16  0:47  Assimilator  
  17  0:51  Probe  
  17  0:55  Assimilator  
  18  0:59  Probe  
  19  1:07  Probe, Gateway  
  20  1:18  Probe  
  21  1:25  Cybernetics Core  
  21  1:30  Probe  
  22  1:35  Pylon  
  22  1:43  Probe  
  23  1:52  Warp Gate  
  23  1:55  Probe  
  24  2:02  Adept x2  
  24  2:04  Pylon  
  28  2:23  Stargate  
  28  2:32  Adept x2  
  31  2:53  Nexus  
  31  2:59  Phoenix  
  31  3:00  Probe  
  34  3:20  Shield Battery  
  34  3:21  Stalker  
  34  3:27  Stalker  
  36  3:38  Oracle  
  39  3:46  Shield Battery  
  39  3:52  Shield Battery  
  39  4:08  Stalker x2  
  39  4:32  Stalker x2  
  39  4:34  Probe x2  
  45  4:40  Oracle  
  43  4:46  Probe  
  42  4:55  Probe  
  44  5:02  Pylon  
  44  5:04  Pylon  
  43  5:22  Probe  

Tags
 
Add a new tag
Caveats
  • Supply blocks, unpowered buildings, or Contaminate may cause inaccurate times.
  • Supply counts are checked every 10 seconds.